 Dungeon Crawl Stone Soup version 0.30-a0-930-gb9d0489357 (webtiles) character file.

Game seed: 4073239371235823590

1947 sanka the Trooper (level 8, -6/69 HPs)
             Began as a Demonspawn Cinder Acolyte on Mar 23, 2023.
             Was a High Priest of Ignis.
             Mangled by a hellwing (12 damage)
             ... on level 7 of the Dungeon.
             The game lasted 00:11:32 (6163 turns).

sanka the Trooper (Demonspawn Cinder Acolyte)       Turns: 6163, Time: 00:11:32

Health: -6/69      AC:  6    Str: 15    XL:     8   Next: 98%
Magic:  1/21       EV: 14    Int: 15    God:    Ignis [*****.]
Gold:   287        SH:  0    Dex: 14    Spells: 10/13 levels left

rFire   + . .      SeeInvis .    a - +2 dagger (speed)
rCold   + . .      Faith    .    (no shield)
rNeg    . . .      Spirit   .    o - +2 robe of the Pink Corner {Dex+3}
rPois   .          Reflect  .    s - +0 helmet
rElec   .          Rampage  .    (no cloak)
rCorr   .                        (no gloves)
Will    .....                    (no boots)
Stlth   +                        (no amulet)
HPRegen 0.31/turn                E - ring of magical power
MPRegen 0.17/turn                v - ring of protection from cold

@: brilliant
A: rugged brown scales 1, spiny 2, demonic touch 1
a: Renounce Religion, Fiery Armour, Foxfire Swarm, Rising Flame


You were on level 7 of the Dungeon.
You worshipped Ignis.
Ignis was extremely pleased with you.
You visited 1 branch of the dungeon, and saw 7 of its levels.

You collected 287 gold pieces.


Innate Abilities, Weirdness & Mutations

You are partially covered in rugged brown scales. (AC +1, +3% HP)
You are mostly covered in sharp spines.
Your touch may inflict minor irresistible damage on your foes.


   Skills:
 + Level 7.2 Fighting
 - Level 2.6 Maces & Flails
 + Level 5.8 Dodging
 - Level 3.0 Spellcasting
 - Level 2.0 Conjurations
 - Level 6.0 Fire Magic


You had 10 spell levels left.
You knew the following spells:

 Your Spells              Type           Power      Damage    Failure   Level
u - Foxfire               Conj/Fire      84%        2x1d8     3%          1
y - Scorch                Fire           60%        2d8       2%          2

Your spell library contained the following spells:

 Spells                   Type           Power      Damage    Failure   Level
 Magic Dart               Conj           48%        1d5       9%          1
 Searing Ray              Conj           24%        2d5       13%         2
 Sting                    Tmut/Pois      12%        1d3       21%         1
 Call Imp                 Summ           3%         N/A       30%         2
 Poisonous Vapours        Pois/Air       6%         N/A       30%         2
 Mephitic Cloud           Conj/Pois/Air  6%         N/A       43%         3
 Fireball                 Conj/Fire      10%        3d6       71%         5
 Fulminant Prism          Conj/Hex       3%         3d5       78%         4
 Olgreb's Toxic Radiance  Pois           3%         N/A       89%         4
 Starburst                Conj/Fire      10%        6d5       99%         6

Inventory:

Hand Weapons
 a - a +2 dagger of speed (weapon)
 z - a +2 dagger of draining
 B - a -1 mace of flaming
Missiles
 x - a throwing net {=f}
Armour
 o - the +2 robe of the Pink Corner (worn) {Dex+3}

   Dex:       It affects your dexterity (+3).
 s - a +0 helmet (worn)
Magical Staves
 u - a staff of earth
 A - a staff of cold
Jewellery
 v - a ring of protection from cold (right hand)
 E - a ring of magical power (left hand)
Wands
 y - a wand of flame (33)
Scrolls
 b - 2 scrolls of fear {unknown}
 c - 5 scrolls of identify {unknown}
 d - a scroll of noise {unknown}
 g - 5 scrolls of teleportation {unknown}
 j - 2 scrolls of fog {unknown}
 l - a scroll of butterflies {unknown}
 n - 2 scrolls of enchant armour {unknown}
 p - 2 scrolls of poison {unknown}
 q - a scroll of acquirement {unknown}
 w - a scroll of brand weapon {unknown}
 C - 3 scrolls of vulnerability {unknown}
 D - a scroll of amnesia {unknown}
 F - a scroll of magic mapping {unknown}
Potions
 e - 3 potions of lignification {unknown}
 f - 2 potions of heal wounds {unknown}
 h - a potion of magic {unknown}
 i - 2 potions of flight {unknown}
 k - 5 potions of brilliance
 m - a potion of degeneration {unknown}
 r - a potion of attraction {unknown}
 t - 3 potions of curing {unknown}

Dungeon Overview and Level Annotations

Branches:
Dungeon (7/15)
 Temple: D:4-7

Altars:
Cheibriados
Hepliaklqana
Kikubaaqudgha
Nemelex Xobeh
Okawaru
Trog
Uskayaw

Shops:
D:1 =*(*   D:2 (   D:3 *   D:4 *   D:6 * D:7

: ▒. . 5..54Z. ▒ ▒.
P....£. ▒.▒▒▒▒▒▒.
...4... .........
Z...8.. ........▒
8...... ........▒
.8.8...
.......6▒▒▒▒..P....
▒▒.)...▒45.!.....▒ ▒
▒.....▒Z▒▒▒▒▒▒.▒▒▒▒▒▒▒▒
▒.....▒†▒ ▒.▒.......
▒.......▒ ▒.▒.▒▒▒▒▒▒
▒.......▒▒▒▒ ▒.▒.▒
▒.....▒.!..▒▒▒...▒
▒▒▒▒▒▒▒.▒▒.▒...▒▒▒▒▒▒▒▒
▒................


You could see a hellwing, a shadow imp and a centaur warrior skeleton.


Message History

You closely miss the hellwing.
The hellwing is heavily wounded.
The hellwing is struck by your spines. The hellwing closely misses you.
The hellwing hits you but does no damage.
Unknown command.
You hit the hellwing.
The hellwing is severely wounded.
The hellwing barely misses you. The hellwing hits you.
* * * LOW HITPOINT WARNING * * *
Unknown command.
You hit the hellwing but do no damage.
The hellwing is severely wounded.
The boggart zombie is no longer more vulnerable to fire.
Unknown command.
Flames lash the boggart zombie.
You destroy the boggart zombie!
You hear a chilling moan.
The hellwing barely misses you. The hellwing closely misses you.
Something shouts, "Get thee hence, thou rank milk-livered serf!"
Flames lash the hellwing but do no damage.
The hellwing misses you. The hellwing hits you!
* * * LOW HITPOINT WARNING * * *
It was a potion of brilliance.
You feel clever all of a sudden. The hellwing hits you!
You die...

Action                     |  1- 3 |  4- 6 |  7- 9 || total
---------------------------+-------+-------+-------++-------
  Melee: Mace              |   126 |    32 |       ||   158
         Touch             |    10 |    13 |    19 ||    42
         Punch             |     1 |       |       ||     1
         Dagger            |       |    11 |    86 ||    97
   Cast: Foxfire           |       |    14 |       ||    14
         Scorch            |       |    29 |    43 ||    72
    Use: Potion            |       |       |     1 ||     1
   Stab: Sleeping          |     1 |     2 |       ||     3
 Armour: Robe              |    43 |    12 |    33 ||    88
  Dodge: Dodged            |    85 |    23 |    70 ||   178

Levels and vault maps discovered:
D:1:      amcnicky_arrival_flooded_fountain, layout_loops_ring, serial_shops,
          nicolae_shop_bloodbath_and_beyond, nicolae_square_shop,
          nicolae_shop_window_shopping, nicolae_shop_stone
D:2:      cheibrodos_helix_gallery, layout_loops_ring, serial_shops,
          nicolae_shop_advertising_works [nicolae_subvault_shop_adworks],
          lemuel_flame_loot_1
D:3:      kennysheep_goblin_castle, layout_loops_cross, lemuel_crystal_altar,
          mainiacjoe_overflow_big_doors, basic_ecumenical_altar, serial_shops,
          shop
D:4:      layout_rooms, nicolae_shop_fire_sale [nicolae_sub_dead_trees],
          st_stairs_14, uniq_robin
D:5:      minmay_angry_zag, layout_loops_ring, minmay_diced_spiral
D:6:      cheibrodos_iron_armory, layout_loops_ring, kennysheep_slug_shrine,
          gammafunk_temple_overflow_pools, kennysheep_mini,
          nicolae_shop_sticking_my_neck_out
D:7:      cheibrodos_grave_circle, layout_basic, temple_pool_b, enter_ossuary_5,
          serial_shops, nicolae_stop_n_shop_2

Notes
Turn   | Place    | Note
-------+----------+-------------------------------------------
     0 | D:1      | sanka the Demonspawn Cinder Acolyte began the quest for the
                  | Orb.
     0 | D:1      | Reached XP level 1. HP: 18/18 MP: 2/2
    89 | D:1      | Reached skill level 3 in Fire Magic
    98 | D:1      | Found Xoleuske's General Store.
   138 | D:1      | Gained mutation: Your touch may inflict minor irresistible
                  | damage on your foes. [demonic ancestry]
   138 | D:1      | Reached XP level 2. HP: 17/24 MP: 2/4
   276 | D:1      | Found Heimi's Assorted Antiques.
   477 | D:1      | Found Kiytonubb's Weapon Shop.
   718 | D:1      | Found Ojuoth's Jewellery Shop.
   938 | D:2      | Reached skill level 2 in Spellcasting
  1011 | D:2      | Gained mutation: You are partially covered in rugged brown
                  | scales. (AC +1, +3% HP) [demonic ancestry]
  1011 | D:2      | Reached XP level 3. HP: 23/29 MP: 6/6
  1304 | D:2      | Learned a level 2 spell: Scorch
  1306 | D:2      | Learned a level 1 spell: Foxfire
  1324 | D:2      | Found Jawkup's Antique Weapon Shoppe.
  1569 | D:2      | Identified the +2 robe of the Pink Corner {Dex+3}
  2122 | D:3      | Found a faded altar of an unknown god.
  2224 | D:3      | Gained mutation: You are partially covered in sharp spines.
                  | [demonic ancestry]
  2224 | D:3      | Reached XP level 4. HP: 34/36 MP: 7/7
  2278 | D:3      | Noticed Robin
  2291 | D:3      | Killed Robin
  2477 | D:3      | Reached skill level 4 in Fire Magic
  2512 | D:3      | Found a bloodstained altar of Trog.
  2600 | D:3      | Found a sparkling altar of Nemelex Xobeh.
  2602 | D:3      | Found an ancient bone altar of Kikubaaqudgha.
  2614 | D:3      | Found Xeitame's General Store.
  2831 | D:4      | Reached skill level 1 in Conjurations
  2875 | D:4      | Reached XP level 5. HP: 11/42 MP: 7/9
  3023 | D:4      | Found Rawk's Fire Supplies.
  3176 | D:4      | Reached skill level 3 in Spellcasting
  3607 | D:5      | Entered Level 5 of the Dungeon
  3614 | D:5      | Reached skill level 2 in Conjurations
  3697 | D:5      | Reached XP level 6. HP: 48/48 MP: 0/10
  3831 | D:5      | Reached skill level 5 in Fire Magic
  4268 | D:5      | Reached skill level 6 in Fire Magic
  4268 | D:5      | Reached skill level 1 in Dodging
  4368 | D:5      | Reached XP level 7. HP: 51/53 MP: 4/11
  4468 | D:5      | Reached skill level 4 in Fighting
  4468 | D:5      | Reached skill level 2 in Dodging
  4790 | D:5      | Reached skill level 3 in Dodging
  4957 | D:6      | Found a snail-covered altar of Cheibriados.
  5083 | D:6      | Reached skill level 5 in Fighting
  5155 | D:6      | Gained mutation: You are mostly covered in sharp spines.
                  | [demonic ancestry]
  5155 | D:6      | Reached XP level 8. HP: 58/63 MP: 7/12
  5240 | D:6      | Found a hide-covered altar of Uskayaw.
  5240 | D:6      | Found a hazy altar of Hepliaklqana.
  5251 | D:6      | Reached skill level 4 in Dodging
  5432 | D:6      | Found Hoefeiv's Neck Hole.
  5453 | D:6      | Reached skill level 6 in Fighting
  5608 | D:6      | Reached skill level 5 in Dodging
  5643 | D:6      | Found an iron altar of Okawaru.
  6045 | D:7      | Found Puen's Book Shop.
  6113 | D:7      | Reached skill level 7 in Fighting
  6130 | D:7      | Noticed a hellwing
  6130 | D:7      | Noticed a hellwing
  6162 | D:7      | HP: 5/69 [hellwing (7)]
  6163 | D:7      | Mangled by a hellwing

Vanquished Creatures
  A meliai zombie (D:7)
  2 steam dragons (D:6)
  A water moccasin (D:5)
  2 ice beasts
  An ogre (D:6)
  2 centaurs (D:6)
  A phantom (D:5)
  3 scorpions
  6 hounds
  An orc priest (D:5)
  3 jellies
  A gnoll bouda (D:5)
  2 sleepcaps
  A boggart zombie (D:7)
  3 iguanas
  An orc wizard (D:6)
  Robin (D:3)
  4 gnolls (D:5)
  11 adders
  A worm (D:3)
  2 dart slugs
  14 orcs
  9 endoplasms
  A giant cockroach (D:3)
  7 hobgoblins
  3 jackals (D:3)
  5 quokkas
  8 ball pythons
  6 bats
  2 frilled lizards
  22 goblins
  4 kobolds
  8 rats
139 creatures vanquished.

Vanquished Creatures (others)
  An orc (D:6)
  A hobgoblin (D:2)
  A kobold (D:2)
  23 foxfires
26 creatures vanquished.

Grand Total: 165 creatures vanquished
